 Dungeon Crawl Stone Soup version 0.24.0-10-g970556be89 (webtiles) character file.

Game seed: 8061176718643855498, levelgen mode: deterministic

89079 Monsterracer the Unseen (level 15, -1/80 HPs)
             Began as a Spriggan Enchanter on Nov 3, 2019.
             Was an Initiate of Gozag.
             Killed from afar by a thorn hunter (39 damage)
             ... with a volley of thorns
             ... on level 4 of the Swamp.
             The game lasted 01:12:57 (35023 turns).

Monsterracer the Unseen (Spriggan Enchanter)       Turns: 35023, Time: 01:12:57

Health: -1/80      AC:  9    Str:  4    XL:     15   Next: 48%
Magic:  17/28      EV: 32    Int: 23    God:    Gozag
Gold:   3549       SH:  8    Dex: 19    Spells: 9/31 levels left

rFire    . . .     SeeInvis +   b - +5 dagger (freeze)
rCold    + + .     Gourm    .   F - +0 buckler
rNeg     . . .     Faith    .   N - +2 robe {rF+}
rPois    +         Spirit   .   D - +2 hat {MR+}
rElec    .         Reflect  .   a - +2 cloak
rCorr    .         Harm     .   (gloves unavailable)
MR       +++..                  (boots unavailable)
Stlth    +++++++...             Q - amulet of regeneration
HPRegen  0.63/turn              P - ring of ice
MPRegen  0.21/turn              k - ring of Usuladgho {rPois rC+ Dex+2}

@: gold aura, very quick
A: very small, unfitting armour, see invisible, herbivore, speed 3, slow
metabolism 2
a: Potion Petition, Call Merchant, Bribe Branch, Renounce Religion


You were on level 4 of the Swamp.
You worshipped Gozag.
Gozag was most pleased with you.
You were not hungry.

You visited 5 branches of the dungeon, and saw 23 of its levels.

You collected 8318 gold pieces.
You spent 2772 gold pieces at shops.
You paid 1997 gold pieces to Gozag.

Inventory:

Hand Weapons
 b - a +5 dagger of freezing (weapon)
   (You took it off a wight on level 8 of the Dungeon)
Missiles
 y - 3 throwing nets (quivered) {!f}
Armour
 a - a +2 cloak (worn)
   (You found it on level 6 of the Dungeon)
 D - a +2 hat of magic resistance (worn)
   (You acquired it on level 1 of the Lair of Beasts)
 F - a +0 buckler (worn)
   (You took it off a goblin on level 2 of the Dungeon)
 N - a +2 robe of fire resistance (worn)
   (You took it off a wight on level 5 of the Dungeon)
Jewellery
 k - the ring of Usuladgho (right hand) {rPois rC+ Dex+2}
   (You found it on level 6 of the Dungeon)

   [ring of dexterity]

   It affects your dexterity (+2).
   It protects you from cold.
   It protects you from poison.
 x - the ring "Yhughee" {rElec rF+ Stlth-}
   (You bought it in a shop on level 3 of the Lair of Beasts)

   [ring of attention]

   It protects you from fire.
   It insulates you from electricity.
   It makes you less stealthy.
 H - an uncursed ring of wizardry
   (You found it on level 6 of the Lair of Beasts)
 I - an uncursed ring of positive energy
   (You found it on level 9 of the Dungeon)
 P - a ring of ice (left hand)
   (You bought it in a shop on level 2 of the Orcish Mines)
 Q - an amulet of regeneration (around neck)
   (You bought it in a shop on level 3 of the Lair of Beasts)
 R - the ring "Ownutu" {rF+ rC+ rCorr Dex+4 Slay-3}
   (You bought it in a shop on level 3 of the Lair of Beasts)

   [ring of resist corrosion]

   It affects your dexterity (+4).
   It affects your accuracy and damage with ranged weapons and melee attacks
   (-3).
   It protects you from fire.
   It protects you from cold.
   It provides partial protection from all sources of acid and corrosion.
Wands
 l - a wand of paralysis (8)
   (You bought it in a shop on level 3 of the Lair of Beasts)
 n - a wand of flame (44)
   (You found it on level 7 of the Dungeon)
 v - a wand of polymorph (9)
   (You found it on level 7 of the Dungeon)
 w - a wand of iceblast (6)
   (You took it off a crimson imp on level 8 of the Dungeon)
 A - a wand of digging (5)
   (You found it on level 1 of the Swamp)
 E - a wand of disintegration (16)
   (You found it on level 2 of the Lair of Beasts)
 K - a wand of acid (11)
   (You found it on level 9 of the Dungeon)
Scrolls
 f - 2 scrolls of identify
 m - 3 scrolls of magic mapping
 o - 6 scrolls of amnesia
 p - 3 scrolls of enchant weapon
 r - 5 scrolls of remove curse
 s - a scroll of summoning {!r}
 t - 13 scrolls of teleportation {!r}
 C - a scroll of fear {!r}
 M - 5 scrolls of fog {!r}
 X - 4 scrolls of blinking
Potions
 d - 7 potions of heal wounds
 e - 13 potions of curing
 g - a potion of agility
 h - 9 potions of mutation {!q}
 i - 3 potions of lignification
 j - 2 potions of might
 q - a potion of berserk rage {!q}
 u - 3 potions of invisibility
 z - 2 potions of brilliance
 B - 3 potions of magic
 G - a potion of flight
 J - a potion of resistance
 L - a potion of cancellation
 O - a potion of ambrosia {!q}
Comestibles
 c - 28 rations


   Skills:
 - Level 10.0 Fighting
 - Level 10.0 Short Blades
 - Level 14.5 Dodging
 - Level 17.9 Stealth
 - Level 7.2 Shields
 - Level 8.7 Spellcasting
 - Level 5.0 Conjurations
 - Level 11.1 Hexes
 + Level 4.7 Summonings
 - Level 5.0 Translocations
 - Level 2.0 Ice Magic
 - Level 6.0 Evocations


You had 9 spell levels left.
You knew the following spells:

 Your Spells              Type           Power        Failure   Level  Hunger
a - Dazzling Spray        Conj/Hex       #####.       1%          3    None
b - Ensorcelled Hibernat  Hex/Ice        ######       1%          2    None
c - Confuse               Hex            ######..     1%          3    None
d - Tukima's Dance        Hex            ######..     1%          3    None
f - Conjure Flame         Conj/Fire      ###.....     7%          3    None
g - Confusing Touch       Hex            ######       1%          1    None
h - Summon Mana Viper     Hex/Summ       #####...     7%          5    ####...
v - Summon Butterflies    Summ           ####....     1%          1    None
z - Apportation           Tloc           ####..       1%          1    None

Your spell library contained the following spells:

 Spells                   Type           Power        Failure   Level  Hunger
 Corona                   Hex            ######.      1%          1    None
 Summon Small Mammal      Summ           ####         1%          1    None
 Inner Flame              Hex/Fire       #####...     1%          3    None
 Flame Tongue             Conj/Fire      ###..        2%          1    None
 Sting                    Conj/Pois      ###.         2%          1    None
 Call Canine Familiar     Summ           ####....     2%          3    None
 Throw Flame              Conj/Fire      ###...       3%          2    None
 Animate Skeleton         Necr           N/A          6%          1    None
 Pain                     Necr           ##..         6%          1    None
 Corpse Rot               Necr           N/A          10%         2    None
 Poisonous Vapours        Pois/Air       ##....       10%         2    None
 Sublimation of Blood     Necr           ##........   10%         2    None
 Mephitic Cloud           Conj/Pois/Air  ###.....     10%         3    None
 Summon Ice Beast         Ice/Summ       #####...     16%         4    ##.....
 Ignite Poison            Fire/Tmut/Pois ##......     19%         3    None
 Sticky Flame             Conj/Fire      ###.....     22%         4    ##.....
 Olgreb's Toxic Radiance  Pois           ##......     54%         4    ##.....
 Fireball                 Conj/Fire      ###.......   54%         5    ####...
 Venom Bolt               Conj/Pois      ###.......   54%         5    ####...
 Borgnjor's Vile Clutch   Necr/Erth      ##........   87%         5    ####...
 Bolt of Fire             Conj/Fire      ###.......   98%         6    ######.
 Ring of Flames           Chrm/Fire      ##........   100%        7    #######
 Summon Hydra             Summ           ####......   100%        7    #######
 Ignition                 Fire           ##........   100%        8    #######


Dungeon Overview and Level Annotations

Branches:
Dungeon (10/15)            Temple (1/1) D:4            Lair (6/6) D:8
  Swamp (4/4) Lair:3        Snake (0/4) Lair:4        Slime (0/5) Lair:5
    Orc (2/2) D:10            Elf (0/3) Orc:2

Altars:
Ashenzari
Cheibriados
Dithmenos
Elyvilon
Fedhas
Gozag
Hepliaklqana
Kikubaaqudgha
Makhleb
Nemelex Xobeh
Okawaru
Qazlal
Ru
Sif Muna
Trog
Uskayaw
Vehumet
Wu Jian
Xom
Yredelemnul
Zin
The Shining One
Beogh
Jiyva

Shops:
D:8 }   D:9 ?   Orc:2 *%%?   Lair:3 ?=*

Annotations:
Swamp:1 Roxanne


Innate Abilities, Weirdness & Mutations

You are very small and have problems with some larger weapons.
You are too small for most types of armour.
You have supernaturally acute eyesight. (SInv)
You are a herbivore.
You cover ground extremely quickly.
You need to consume almost no food.


Message History

You enter the shallow water.
Moving in this stuff is going to be slow.
The eight-headed hydra is too close now for your liking.
You enter the shallow water.
Moving in this stuff is going to be slow.
A thorn hunter comes into view.
A swamp drake comes into view.
The swamp drake moves out of view.
The thorn hunter gestures.
Thorny briars emerge from the ground!
The swamp drake breathes noxious fumes at you.
Casting: Dazzling Spray (safe; 1% risk of failure)
Confirm with . or Enter, or press ? or * to list all spells.
Aiming: Confuse (safe; 1% risk of failure)
Press: ? - help, Shift-Dir - straight line, f - thorn hunter
Aim: a thorn hunter (water, chance to defeat MR: 13%)
Okay, then.
Casting: Confuse (safe; 1% risk of failure)
Confirm with . or Enter, or press ? or * to list all spells.
Okay, then.
The thorn hunter fires a volley of thorns at you.
The volley of thorns misses you.
You enter the shallow water.
Moving in this stuff is going to be slow.
The thorn hunter gestures.
Thorny briars emerge from the ground!
The thorn hunter gestures.
The thorn hunter fires a volley of thorns at you.
The volley of thorns hits you!!
Okay, then.
Casting: Confuse (safe; 1% risk of failure)
Confirm with . or Enter, or press ? or * to list all spells.
Okay, then.
Casting: Confuse (safe; 1% risk of failure)
Confirm with . or Enter, or press ? or * to list all spells.
A mana viper appears with a sibilant hiss.
You are feeling hungry.
Casting: Summon Mana Viper (safe; 7% risk of failure)
Confirm with . or Enter, or press ? or * to list all spells.
A mana viper appears with a sibilant hiss.
You eat one of the 29 rations.
That ration really hit the spot!
The thorn hunter fires a volley of thorns at you.
You block the volley of thorns. What are your orders? t - Shout!
Orders for allies: a - Attack new target. r - Retreat! s - Stop attacking. g - Guard the area. f - Follow me.
Anything else - Cancel.
Gang up on whom?
Press: ? - help, Dir - move target cursor, f - eight-headed hydra
Aim: an eight-headed hydra Attack!
Your mana viper bites the eight-headed hydra!
The eight-headed hydra completely misses you.
You block the eight-headed hydra's attack.
The eight-headed hydra completely misses you.
The eight-headed hydra bites you.
You block the eight-headed hydra's attack.
The eight-headed hydra bites you!
* * * LOW HITPOINT WARNING * * *
The eight-headed hydra closely misses you.
You block the eight-headed hydra's attack.
Unknown command.
Casting: Summon Mana Viper (safe; 7% risk of failure)
Confirm with . or Enter, or press ? or * to list all spells.
Aiming: Ensorcelled Hibernation (safe; 1% risk of failure)
Press: ? - help, Shift-Dir - straight line, f/p - eight-headed hydra
Aim: an eight-headed hydra (lightly wounded, chance to defeat MR: 37%)
You feel a surge of power!
The eight-headed hydra looks drowsy...
Your mana viper bites the eight-headed hydra!! x2
The thorn hunter closely misses your mana viper. x2
The eight-headed hydra bites your mana viper! x2
The eight-headed hydra bites your mana viper.
The eight-headed hydra bites your mana viper!
Your mana viper dies!
The eight-headed hydra bites your mana viper.
The eight-headed hydra closely misses your mana viper.
The eight-headed hydra bites your mana viper but does no damage.
The eight-headed hydra completely misses your mana viper.
You catch the helpless eight-headed hydra completely off-guard!
You stick the eight-headed hydra like a pincushion!!!
The eight-headed hydra seems to slow down.
You freeze the eight-headed hydra.
You kill the eight-headed hydra!
The briar patch crumbles away. x3; Your mana viper bites the thorn hunter!
The thorn hunter's magic leaks into the air.
The thorn hunter misses your mana viper.
The thorn hunter hits your mana viper!!
You enter the shallow water.
Moving in this stuff is going to be slow.
The briar patch crumbles away. x3; Your mana viper bites the thorn hunter!
The thorn hunter's magic leaks into the air.
The thorn hunter hits your mana viper!! x2
Your mana viper dies!
The briar patch crumbles away. x3
The thorn hunter fires a volley of thorns at you.
The volley of thorns hits you!!!
You die...
Your body crumbles into a pile of gold.

≈≈≈≈..≈..≈♣♣♣.≈♣♣.≈≈≈≈≈♣ ≈≈≈
≈≈≈≈≈≈...≈≈≈...♣≈.≈≈≈≈≈♣♣ .y
PPP.≈≈≈...≈≈≈≈.♣♣..≈≈≈.≈♣ ≈.
PP≈..≈≈≈..≈≈≈..♣♣♣.....♣♣
♣≈≈.≈≈≈≈.≈≈≈.f.♣♣♣♣..♣♣♣♣
≈♣≈..≈≈≈≈≈≈.♣k.$♣♣≈.≈≈≈.♣♣
....≈≈≈≈≈≈≈.≈♣..♣♣..≈≈≈..♣
♣...≈≈≈≈≈≈≈≈≈.≈♣≈P≈..≈≈.≈♣
♣♣♣≈......≈≈≈.≈≈@P≈......♣♣♣♣♣♣
♣♣.≈.♣♣.PPPPPPP≈P≈)....≈≈≈.≈♣
♣.≈.♣♣PP≈P≈PPP≈≈≈...♣≈≈≈≈≈♣♣
♣♣♣♣♣♣≈≈≈≈≈≈≈≈....♣♣♣.≈≈.♣♣♣♣
♣♣≈...§§.≈♣♣♣♣ ♣≈≈≈.♣♣≈♣♣
♣♣♣♣....♣♣ ♣≈≈§≈..<.≈ ♣♣♣≈≈♣♣
♣♣.≈§..≈≈. ♣♣≈≈♣ ♣≈..♣♣... ♣♣♣♣
♣≈≈≈♣♣♣≈.


You could see a thorn hunter.

Vanquished Creatures
  2 orc warlords (Orc:2)
  A merfolk avatar (Lair:6)
  12 hydras (D:6 Lair:3 Lair:6 D:10 Swamp:2)
  A shambling mangrove (Swamp:4)
  6 alligators (Swamp:1 Swamp:2 Swamp:3)
  4 two-headed ogres (D:6 D:10 Orc:2)
  8 death yaks (Lair:3 Lair:4 Lair:6)
  4 orc high priests (Orc:2)
  Sonja (Lair:5)
  A sea snake (Lair:6)
  5 orc knights (Orc:2)
  A cyclops (Orc:2)
  An oklob plant (Lair:4)
  7 orc sorcerers (Orc:1 Orc:2)
  An ugly thing (D:10)
  4 slime creatures (Swamp:4)
  A manticore (Lair:6)
  21 elephants (Lair:2 Lair:4 Lair:6)
  A centaur zombie (D:10)
  4 black mambas (Lair:4 Lair:5 Lair:6)
  13 spiny frogs (Lair:1 Lair:2 Lair:3 Lair:6 Swamp:1)
  18 komodo dragons (Lair:1 Lair:2 Lair:3 Lair:5 Lair:6)
  5 rime drakes (Lair:2 Lair:3 Lair:6)
  A queen bee (Lair:5)
  2 trolls (D:10 Orc:2)
  4 polar bears (Lair:3 Lair:5 Lair:6)
  3 meliai (Lair:5)
  4 hornets (Lair:6 D:9 Swamp:1)
  3 bog bodies (Lair:3 Swamp:2 Swamp:3)
  20 blink frogs (Lair:1 Lair:4 Lair:6)
  9 hippogriffs (Lair:1 Lair:4 Lair:6 D:9 D:10)
  Sigmund (D:3)
  26 yaks (Lair:1 Lair:2 Lair:3 Lair:5 Lair:6)
  A wraith (D:10)
  9 wyverns (D:8 Lair:2 Lair:5 Lair:6 D:9)
  13 vampire mosquitoes (Lair:3 Swamp:1 Swamp:3 Swamp:4)
  A steam dragon (D:8)
  3 basilisks (D:8 Lair:2)
  The ghost of EnegeticOcto the Gusty, an amateur GnAE (D:3)
  6 swamp worms (Swamp:1 Swamp:2 Swamp:3)
  3 insubstantial wisps (Swamp:2 Swamp:4)
  5 wargs (Orc:1 Orc:2)
  15 water moccasins (Lair:1 Lair:2 Lair:3 Lair:5 Lair:6)
  2 nagas (Lair:4)
  45 orc warriors (D:6 D:7 D:10 Orc:1 Orc:2)
  8 porcupines (Lair:1 Lair:2 Lair:4 Lair:5)
  4 ice beasts (D:5 D:7 D:9)
  3 black bears (Lair:3 D:10)
  4 sky beasts (D:6 D:7 D:9 D:10)
  2 swamp drakes (Lair:3 Swamp:3)
  3 necrophages (D:4 D:6 D:3)
  15 ogres (D:4 D:5 D:6 D:7 D:9)
  4 phantoms (D:4 D:5 D:9)
  7 centaurs (D:5 D:6 D:8 D:9 D:10)
  14 wolves (Lair:6)
  16 crocodiles (D:8 Lair:1 Lair:2 Lair:3 Lair:4)
  12 bullfrogs (D:6 D:8 Lair:1 Lair:2 Lair:3)
  A wyvern skeleton (D:10)
  7 scorpions (D:5 D:6 D:7)
  25 killer bees (D:8 Lair:5)
  13 wights (D:5 D:8 D:10)
  2 howler monkeys (D:8)
  An electric eel (Lair:3)
  3 crimson imps (D:5 D:8)
  12 jellies (D:5 Lair:4)
  22 orc wizards (D:4 D:6 D:7 D:9 D:10)
  A quasit (D:10)
  3 bullfrog skeletons (D:3 D:4 D:9)
  4 bullfrog zombies (D:4 D:5 D:7)
  35 orc priests (D:4 D:6 D:8 D:10 Orc:1)
  3 centaur skeletons (D:4 D:10)
  5 hounds (D:4 D:5 D:8 D:10)
  A gnoll shaman (D:6)
  4 iguanas (D:4 D:6 D:8 D:10)
  Natasha (thrice) (D:3)
  10 worker ants (D:5 D:6 D:7 D:9 D:10)
  3 hound skeletons (D:4 D:7 D:10)
  7 worker ant zombies (D:4 D:3 D:9 D:10)
  14 gnolls (D:6 D:7 D:8)
  14 adders (D:2 D:4 D:6 D:7 D:8)
  A howler monkey skeleton (D:3)
  2 shadow imps (D:5)
  9 oozes (D:4 D:7 Lair:4)
  2 adder skeletons (D:5 D:7)
  5 adder zombies (D:4 D:5)
  7 worms (D:2 D:3 D:4 D:6)
  A dart slug (D:1)
  7 leopard geckos (D:4 D:6 D:7 D:9)
  97 orcs (D:3 D:4 D:6 D:7 D:8)
  9 bats (D:1 D:2 D:3 D:7)
  6 giant cockroaches (D:1 D:2 D:3 D:4 D:6)
  6 hobgoblins (D:1 D:2 D:3 D:8)
  12 jackals (D:2 D:5 D:6)
  6 quokkas (D:3 D:4 D:5 D:6 D:9)
  5 frilled lizards (D:2 D:4)
  9 goblins (D:1 D:2 D:3)
  6 kobolds (D:1 D:2 D:8)
  A leopard gecko skeleton (D:4)
  10 rats (D:1 D:2 D:3 D:6)
  A fungus (D:7)
786 creatures vanquished.

Vanquished Creatures (collateral kills)
  A ghost crab (Swamp:3)
  A tyrant leech (Swamp:4)
  A vampire mosquito (Swamp:4)
  5 insubstantial wisps (Swamp:2 Swamp:4)
8 creatures vanquished.

Vanquished Creatures (others)
  A thorn hunter (Swamp:4)
  A vampire mosquito (Swamp:4)
  A jelly (D:5)
  A bush (Lair:5)
  15 fungi (Lair:4 Lair:5 Lair:6)
  12 plants (Lair:5 Lair:6)
31 creatures vanquished.

Grand Total: 825 creatures vanquished

Notes
Turn   | Place    | Note
-------+----------+-------------------------------------------
     0 | D:1      | Monsterracer the Spriggan Enchanter began the quest for the
                  | Orb.
     0 | D:1      | Reached XP level 1. HP: 9/9 MP: 5/5
   380 | D:1      | Reached XP level 2. HP: 13/13 MP: 7/7
   589 | D:1      | Learned a level 2 spell: Ensorcelled Hibernation
  1068 | D:2      | Reached XP level 3. HP: 16/16 MP: 3/8
  1073 | D:2      | Learned a level 3 spell: Confuse
  1279 | D:2      | Found a snail-covered altar of Cheibriados.
  1636 | D:3      | Noticed a necrophage
  1663 | D:3      | Reached skill level 5 in Stealth
  1864 | D:3      | Noticed Sigmund
  1873 | D:3      | Killed Sigmund
  1873 | D:3      | Reached XP level 4. HP: 21/21 MP: 9/11
  1873 | D:3      | Reached XP level 5. HP: 24/24 MP: 10/13
  1878 | D:3      | Learned a level 3 spell: Tukima's Dance
  1912 | D:3      | Found a transporter.
  1912 | D:3      | Noticed EnegeticOcto's ghost (amateur GnAE)
  1917 | D:3      | Learned a level 3 spell: Dazzling Spray
  1922 | D:3      | Found a transporter.
  1922 | D:3      | Noticed Natasha
  1928 | D:3      | Killed Natasha
  2508 | D:3      | Reached XP level 6. HP: 28/28 MP: 14/14
  2510 | D:3      | Found a stormy altar of Qazlal.
  2575 | D:3      | Noticed Natasha
  2587 | D:3      | Killed Natasha
  2587 | D:3      | Reached skill level 5 in Spellcasting
  2676 | D:4      | HP: 12/28 [phantom (9)]
  2702 | D:4      | HP: 12/28 [leopard gecko (2)]
  2761 | D:4      | HP: 14/28 [adder (1)]
  2763 | D:4      | Reached skill level 6 in Stealth
  2769 | D:4      | HP: 12/28 [poisoned by an adder]
  2774 | D:3      | HP: 11/28 [poisoned by an adder]
  2782 | D:3      | HP: 10/28 [poisoned by an adder]
  3007 | D:3      | Noticed Natasha
  3026 | D:3      | HP: 11/28 [Natasha/magic dart (9)]
  3032 | D:3      | Killed Natasha
  3032 | D:3      | HP: 9/28 [bullfrog skeleton (1)]
  3034 | D:3      | HP: 4/28 [bullfrog skeleton (5)]
  3431 | D:4      | HP: 14/28 [adder zombie (1)]
  3437 | D:4      | HP: 13/28 [poisoned by an adder]
  3778 | D:4      | HP: 12/28 [orc priest/divine providence (12)]
  3781 | D:4      | Reached skill level 5 in Hexes
  4034 | D:4      | Reached XP level 7. HP: 26/32 MP: 16/16
  4120 | D:4      | Found a staircase to the Ecumenical Temple.
  4127 | Temple   | Entered the Ecumenical Temple
  4176 | Temple   | Became a worshipper of Gozag Ym Sagoz the Greedy
  4388 | D:4      | Reached skill level 1 in Ice Magic
  4667 | D:4      | Reached skill level 5 in Short Blades
  4922 | D:4      | HP: 6/32 [ogre/+0 giant club (26)]
  4924 | D:4      | Reached skill level 7 in Stealth
  4931 | D:4      | HP: 4/32 [adder zombie (3)]
  5225 | D:4      | Found a glowing golden altar of the Shining One.
  5448 | D:5      | Entered Level 5 of the Dungeon
  5459 | D:5      | Found a shattered altar of Ashenzari.
  5512 | D:5      | HP: 16/32 [shadow imp (4)]
  5514 | D:5      | HP: 6/32 [shadow imp/nerve-wracking pain (11)]
  5812 | D:5      | Reached XP level 8. HP: 36/36 MP: 13/19
  5928 | D:5      | HP: 7/36 [wight/cursed +0 flail (12)]
  5929 | D:5      | HP: 3/36 [hound (4)]
  6436 | D:5      | HP: 12/36 [wight/cursed +5 dagger (7)]
  6645 | D:5      | HP: 15/36 [wight/cursed +5 dagger (12)]
  6648 | D:5      | HP: 5/36 [wight/cursed +5 dagger (5)]
  7250 | D:5      | Found a stormy altar of Qazlal.
  7303 | D:5      | Found a glowing silver altar of Zin.
  7303 | D:5      | Noticed an angel
  7379 | D:5      | Reached skill level 8 in Stealth
  7489 | D:5      | Found a shimmering altar of Xom.
  7693 | D:6      | Found a white marble altar of Elyvilon.
  7696 | D:6      | Noticed a six-headed hydra
  7696 | D:6      | Noticed a two-headed ogre
  7698 | D:6      | Found a transporter.
  7717 | D:6      | Found a transporter.
  7830 | D:6      | HP: 13/36 [orc/+0 mace (7)]
  8317 | D:6      | Reached XP level 9. HP: 29/39 MP: 11/22
  8473 | D:6      | HP: 13/39 [orc/+0 long sword (9)]
  9052 | D:6      | Noticed a moth of wrath
  9055 | D:6      | Found a bloodstained altar of Trog.
  9454 | D:6      | Reached skill level 5 in Dodging
  9603 | D:6      | Reached skill level 9 in Stealth
  9745 | D:6      | Found a shadowy altar of Dithmenos.
  9787 | D:6      | HP: 11/40 [two-headed ogre/+0 giant club (17)]
  9794 | D:6      | Killed a two-headed ogre
  9794 | D:6      | Reached skill level 1 in Fighting
  9794 | D:6      | Reached skill level 1 in Shields
 10027 | D:6      | Killed a six-headed hydra
 10027 | D:6      | Reached XP level 10. HP: 46/46 MP: 20/23
 10063 | D:6      | HP: 20/45 [orc warrior/+0 dire flail of protection (22)]
 10259 | D:6      | Got a twitching bone ring
 10260 | D:6      | Identified the ring of Usuladgho {rPois rC+ Dex+2} (You
                  | found it on level 6 of the Dungeon)
 10363 | D:3      | HP: 21/45 [EnegeticOcto's ghost (9)]
 10365 | D:3      | HP: 10/45 [EnegeticOcto's ghost/zap (1)]
 10385 | D:3      | HP: 3/45 [EnegeticOcto's ghost/zap (9)]
 10671 | D:3      | Killed EnegeticOcto's ghost
 10887 | D:7      | Reached skill level 10 in Stealth
 11437 | D:7      | HP: 22/46 [ogre/+0 giant club (24)]
 11449 | D:7      | Reached skill level 1 in Evocations
 12611 | D:8      | Found a bloodstained altar of Trog.
 12773 | D:8      | Found Jemir's Gadget Shoppe.
 13266 | D:8      | Found an iron altar of Okawaru.
 13821 | D:8      | Found a staircase to the Lair.
 13976 | Lair:1   | Entered Level 1 of the Lair of Beasts
 14102 | Lair:1   | Noticed a spiny frog
 14107 | Lair:1   | Killed a spiny frog
 14116 | Lair:1   | Reached skill level 10 in Short Blades
 14150 | Lair:1   | Noticed a spiny frog
 14152 | Lair:1   | Killed a spiny frog
 14152 | Lair:1   | Reached XP level 11. HP: 51/51 MP: 24/24
 14154 | Lair:1   | Reached skill level 11 in Stealth
 14670 | Lair:1   | Identified a scroll of acquirement
 14864 | Lair:1   | HP: 22/52 [komodo dragon (30)]
 15096 | Lair:1   | Reached skill level 5 in Evocations
 15745 | Lair:2   | Reached skill level 12 in Stealth
 16089 | Lair:2   | Reached XP level 12. HP: 58/58 MP: 3/25
 16130 | Lair:2   | Reached skill level 5 in Fighting
 16130 | Lair:2   | Reached skill level 10 in Dodging
 16820 | Lair:3   | Reached skill level 10 in Hexes
 16937 | Lair:3   | Noticed a five-headed hydra
 16957 | Lair:3   | Killed a five-headed hydra
 16957 | Lair:3   | Reached skill level 13 in Stealth
 17221 | Lair:3   | Got a steaming mace
 17333 | Lair:3   | Found a staircase to the Swamp.
 17384 | Lair:3   | Noticed a five-headed hydra
 17403 | Lair:3   | Killed a five-headed hydra
 17403 | Lair:3   | Reached skill level 5 in Shields
 18180 | Lair:4   | Reached skill level 14 in Stealth
 18434 | Lair:4   | Found a staircase to the Snake Pit.
 18770 | Lair:4   | HP: 21/59 [elephant (9)]
 18779 | Lair:4   | HP: 15/60 [porcupine's spines (7)]
 18815 | Lair:4   | HP: 17/60 [elephant (4)]
 19082 | Lair:4   | Identified Sif Muna's Papyrus of Sinister Venom (You
                  | acquired it on level 4 of the Lair of Beasts)
 19146 | Lair:4   | Noticed a death yak
 19146 | Lair:4   | Noticed a death yak
 19147 | Lair:4   | Noticed a death yak
 19148 | Lair:4   | Noticed a death yak
 19202 | Lair:3   | HP: 27/60 [death yak (21)]
 19387 | Lair:3   | HP: 18/60 [death yak (16)]
 19399 | Lair:3   | Killed a death yak
 19399 | Lair:3   | Reached XP level 13. HP: 21/64 MP: 9/26
 19699 | Lair:4   | Reached skill level 15 in Stealth
 19735 | Lair:4   | HP: 25/64 [death yak (13)]
 20454 | Lair:4   | HP: 32/64 [acid (1)]
 20462 | Lair:4   | HP: 31/64 [acid (2)]
 20470 | Lair:4   | HP: 30/64 [acid (2)]
 20976 | Lair:5   | Noticed Sonja
 20993 | Lair:5   | Killed Sonja
 21127 | Lair:5   | Learned a level 3 spell: Conjure Flame
 21231 | Lair:5   | Learned a level 1 spell: Confusing Touch
 21233 | Lair:5   | Learned a level 1 spell: Apportation
 21334 | Lair:5   | Got a shimmering war axe
 21513 | Lair:5   | Reached skill level 1 in Translocations
 21539 | Lair:5   | Found a viscous altar of Jiyva.
 21539 | Lair:5   | Found a staircase to the Slime Pits.
 21981 | Lair:5   | Reached skill level 1 in Conjurations
 22498 | Lair:6   | Entered Level 6 of the Lair of Beasts
 22988 | Lair:6   | HP: 21/65 [elephant (15)]
 23039 | Lair:6   | Reached skill level 16 in Stealth
 23043 | Lair:6   | HP: 9/65 [elephant (19)]
 23506 | Lair:6   | HP: 33/66 [elephant (4)]
 23521 | Lair:6   | HP: 24/66 [elephant (11)]
 23924 | Lair:6   | HP: 33/66 [wolf (2)]
 24064 | Lair:6   | Reached XP level 14. HP: 56/71 MP: 20/27
 25693 | D:9      | Got a crystal trident
 25920 | D:9      | Found a shimmering altar of Xom.
 26009 | D:9      | Got a dazzling morningstar
 26010 | D:9      | Identified the +6 morningstar "Mud Pie of Death" {venom,
                  | +Rage rN+ Dex+4} (You found it on level 9 of the Dungeon)
 26114 | D:9      | Found Giohypua's Magic Scroll Shoppe.
 26119 | D:9      | Bought a scroll of magic mapping for 45 gold pieces
 26119 | D:9      | Bought a scroll of identify for 26 gold pieces
 26119 | D:9      | Bought a scroll of identify for 26 gold pieces
 26119 | D:9      | Bought a scroll of teleportation for 39 gold pieces
 26119 | D:9      | Bought a scroll of summoning for 123 gold pieces
 26119 | D:9      | Bought a scroll of fog for 26 gold pieces
 26119 | D:9      | Bought a scroll of fog for 26 gold pieces
 26119 | D:9      | Bought a scroll of fog for 26 gold pieces
 26470 | D:10     | Entered Level 10 of the Dungeon
 26886 | D:10     | Reached skill level 17 in Stealth
 27565 | D:10     | Found a staircase to the Orcish Mines.
 28181 | Orc:1    | Entered Level 1 of the Orcish Mines
 28358 | Orc:2    | Entered Level 2 of the Orcish Mines
 29530 | Orc:2    | Found a roughly hewn altar of Beogh.
 29702 | Orc:2    | Found Luontaj's Food Boutique.
 29718 | Orc:2    | Found Feqybika's Magic Scroll Shop.
 29758 | Orc:2    | Bought a scroll of enchant armour for 97 gold pieces
 29758 | Orc:2    | Bought a scroll of blinking for 97 gold pieces
 29758 | Orc:2    | Bought a scroll of teleportation for 39 gold pieces
 29758 | Orc:2    | Bought a scroll of fog for 26 gold pieces
 29758 | Orc:2    | Bought a scroll of identify for 26 gold pieces
 29758 | Orc:2    | Bought a scroll of identify for 26 gold pieces
 29759 | Orc:2    | Bought a scroll of identify for 26 gold pieces
 29759 | Orc:2    | Bought a scroll of identify for 26 gold pieces
 29926 | Orc:2    | Reached skill level 5 in Translocations
 30050 | Orc:2    | Noticed an orc warlord
 30052 | Orc:2    | Killed an orc warlord
 30163 | Orc:2    | Learned a level 1 spell: Summon Butterflies
 30528 | Orc:2    | Found a staircase to the Elven Halls.
 30699 | Orc:2    | Found Vefemp's Assorted Antiques.
 31040 | Orc:2    | Noticed an orc warlord
 31045 | Orc:2    | Killed an orc warlord
 31045 | Orc:2    | Reached skill level 5 in Conjurations
 31045 | Orc:2    | Reached skill level 1 in Summonings
 31143 | Orc:2    | Reached XP level 15. HP: 77/77 MP: 21/28
 31150 | Orc:2    | Learned a level 5 spell: Summon Mana Viper
 31287 | Orc:2    | HP: 31/77 [orc warrior/boomerang (10)]
 31661 | Orc:2    | Found a roughly hewn altar of Beogh.
 31783 | Orc:2    | Bought an opal ring for 125 gold pieces
 31783 | Orc:2    | Bought a potion of flight for 75 gold pieces
 31812 | Orc:2    | Found Giafyw's Food Shop.
 32071 | Orc:2    | HP: 33/78 [sixfirhy[an orc high priest] (8)]
 32083 | Orc:2    | HP: 21/78 [sixfirhy[an orc high priest] (2)]
 32943 | Swamp:1  | Entered Level 1 of the Swamp
 32970 | Lair:3   | Bought a potion of heal wounds for 55 gold pieces
 32970 | Lair:3   | Bought a wand of paralysis (8) for 110 gold pieces
 33018 | Lair:3   | Bought an uncursed amulet of regeneration for 420 gold
                  | pieces
 33022 | Lair:3   | Bought the ring "Yhughee" {rElec rF+ Stlth-} for 399 gold
                  | pieces
 33022 | Lair:3   | Bought the ring "Ownutu" {rF+ rC+ rCorr Dex+4 Slay-3} for
                  | 515 gold pieces
 33065 | Lair:3   | Bought a scroll of teleportation for 51 gold pieces
 33065 | Lair:3   | Bought a scroll of teleportation for 51 gold pieces
 33065 | Lair:3   | Bought a scroll of teleportation for 51 gold pieces
 33065 | Lair:3   | Bought a scroll of blinking for 127 gold pieces
 33065 | Lair:3   | Bought a scroll of magic mapping for 59 gold pieces
 33065 | Lair:3   | Bought a scroll of fog for 34 gold pieces
 33234 | Swamp:1  | Noticed Roxanne
 33284 | Swamp:1  | Paralysed by a hornet for 2 turns
 33514 | Swamp:2  | HP: 37/79 [insubstantial wisp/static electricity (8)]
 33892 | Swamp:2  | Reached skill level 10 in Fighting
 34135 | Swamp:3  | HP: 37/80 [alligator (28)]
 34146 | Swamp:3  | HP: 27/80 [spiny frog (3)]
 34435 | Swamp:4  | Entered Level 4 of the Swamp
 34518 | Swamp:4  | Killed a thorn hunter
 34541 | Swamp:4  | HP: 19/80 [tyrant leech (28)]
 34728 | Swamp:4  | HP: 32/80 [eight-headed hydra (11)]
 34729 | Swamp:4  | HP: 14/80 [eight-headed hydra (6)]
 34993 | Swamp:4  | Noticed a thorn hunter
 35019 | Swamp:4  | HP: 36/80 [eight-headed hydra (14)]
 35023 | Swamp:4  | Killed from afar by a thorn hunter

Levels and vault maps discovered:
D:1:      shiori_arrival_oz, layout_basic, corexii_leaking_fountain
D:2:      layout_basic, cheibriados_altar_1
D:3:      layout_basic, marbit_many_paths, gammafunk_ghost_mausoleum,
          uniq_natasha, uniq_sigmund
D:4:      layout_loops_corners, tso_oasis_becter,
          minmay_temple_entry_steel_oval, first_ration, serial_undead,
          serial_undead_f, serial_undead_d, serial_undead_e, serial_undead_e,
          serial_undead_a, serial_undead_a
D:5:      layout_cave_pools, grunt_temple_overflow_order_and_chaos_1,
          ashenzari_altar_1, grunt_qazlal_clouds
D:6:      layout_basic, gammafunk_temple_overflow_arena, kennysheep_little_box,
          tgw_trog
D:7:      old_forge, layout_cave_pools
D:8:      layout_loops_ring, kennysheep_mini_moat, okawaru_altar_gauntlet_db,
          erik_lair_dragon, serial_shops, nicolae_shop_behind_doors
D:9:      layout_basic, serial_shops, shop, grunt_ogre_cave, xom_teletrap_fun
D:10:     layout_basic, david_orc_4
Temple:   minmay_temple_bridge_abc
Lair:1:   layout_roguey, st_stairs_13, beast_lair_carwin_3
Lair:2:   layout_chaotic_city, minivault_27, lemuel_fruit_tree
Lair:3:   layout_long_grid, minmay_swamp_entry_reptiles,
          gammafunk_lair_bear_cave
Lair:4:   lemuel_slime, layout_long_grid, guppyfry_snake_entry_garden,
          cheibrodos_lair_caveside_slide, infiniplex_staircase_pool_2
Lair:5:   layout_roguey [special_room_bee], slime_altar_1, minmay_hedge_maze,
          chequers_serial_rivers_room_b, uniq_sonja
Lair:6:   gammafunk_lair_ancient_temple, layout_cave_shapes
Swamp:1:  layout_basic_swamp, nicolae_swamp_dense_foliage, swamp_pool4,
          uniq_roxanne
Swamp:2:  layout_falls_marsh, nicolae_swamp_very_dense_foliage, swamp_pool1,
          lightli_tree_ring
Swamp:3:  layout_falls_marsh, evilmike_swamp_ruin_house_6, swamp_pool5,
          st_swamp_ruins_1, infiniplex_staircase_pool
Swamp:4:  swamp_icy, layout_basic_swamp, swamp_pool1
Orc:1:    layout_diamond_mine
Orc:2:    pubby_orc_utopia

Skill      XL: |  1  2  3  4  5  6  7  8  9 10 11 12 13 14 15 |
---------------+----------------------------------------------+-----
Spellcasting   | 3 4 5 6 8 |  8.7
Short Blades   | 2 3 4 5 7 8 10 | 10.0
Hexes          | 4 5 6 7 8 9 10 11 | 11.1
Stealth        | 5 6 7 8 9 10 12 14 16 17 | 17.9
Ice Magic      | 1 2 |  2.0
Dodging        | 4 6 7 9 11 12 14 | 14.5
Fighting       | 2 3 4 6 7 8 10 | 10.0
Shields        | 1 3 4 5 6 7 |  7.2
Evocations     | 3 6 |  6.0
Translocations | 4 5 |  5.0
Conjurations   | 2 5 |  5.0
Summonings     | 1 4 |  4.7

Action                   |  1- 3 |  4- 6 |  7- 9 | 10-12 | 13-15 || total
-------------------------+-------+-------+-------+-------+-------++-------
Melee: Dagger            |   110 |   151 |   409 |   585 |  1295 ||  2550
 Cast: Corona            |     3 |       |       |       |       ||     3
       Ensorcelled Hiber |     6 |    29 |    84 |   223 |   324 ||   666
       Confuse           |       |     4 |    31 |    30 |    42 ||   107
       Dazzling Spray    |       |       |     9 |    33 |   124 ||   166
       Conjure Flame     |       |       |       |       |     1 ||     1
       Confusing Touch   |       |       |       |       |     2 ||     2
       Summon Mana Viper |       |       |       |       |     9 ||     9
       Apportation       |       |       |       |       |     3 ||     3
       Summon Butterflie |       |       |       |       |     1 ||     1
Invok: Call Merchant     |       |       |       |       |     3 ||     3
       Potion Petition   |       |       |       |       |     1 ||     1
  Use: Scroll            |       |    10 |     2 |     6 |    13 ||    31
       Potion            |       |       |       |       |     1 ||     1
 Stab: Sleeping          |    14 |    19 |    55 |   126 |   224 ||   438
       Distracted        |     1 |     1 |     2 |     6 |    24 ||    34
       Confused          |       |       |    10 |    15 |    27 ||    52
       Invisible         |       |       |       |    10 |    35 ||    45
  Eat: Ration            |       |     1 |     4 |     5 |    10 ||    20
Armor: Robe              |     6 |    15 |    61 |    31 |    55 ||   168
Dodge: Dodged            |    79 |    82 |   285 |   361 |   847 ||  1654
Block: Buckler           |       |    25 |    13 |   111 |   389 ||   538
